 Dungeon Crawl Stone Soup version 0.17-a0-896-g249456b (webtiles) character file.

177338 kusayu the Unseen (level 17, -12/128 HPs)
             Began as a Vampire Enchanter on Apr 22, 2015.
             Was the Champion of Ashenzari.
             Blown up by an orb spider (38 damage)
             ... with an orb of destruction
             ... on level 5 of the Spider Nest on May 1, 2015.
             The game lasted 05:39:30 (43190 turns).

kusayu the Unseen (Vampire Enchanter)              Turns: 43190, Time: 05:39:31

Health: -12/128    AC: 16    Str: 10    XL:     17   Next: 54%
Magic:  6/34       EV: 33    Int: 27    God:    Ashenzari [******]
Gold:   2452       SH:  8    Dex: 30    Spells: 9 memorised, 8 levels left

rFire  . . .     SeeInvis +     a - +1 rapier of the Hummingbird {flame, rElec Str+2 Int+4 Dex+4} (curse)
rCold  + + .     Clarity  +     E - +2 mottled dragon armour (curse)
rNeg   + + +     SustAb   .     v - +0 buckler (curse)
rPois  +         Gourm    .     g - +1 hat {Int+3} (curse)
rElec  +         Spirit   .     e - +0 cloak (curse)
rCorr  .         Warding  .     f - +2 pair of gloves {Str+3} (curse)
rMut   .         Stasis   .     d - +2 pair of boots (curse)
MR     ++...                    (no amulet)
Stlth  ++++++++++               m - +5 ring of dexterity (curse)
                                Y - ring of Kamin {+Inv MR+} (curse)

@: very slightly contaminated, regenerating slowly, deflect missiles, very
resistant to hostile enchantments, uncannily stealthy
A: fangs 3, see invisible, clever 1, sense surroundings 1, weak 1, unbreathing
a: Bat Form, Scrying, Transfer Knowledge, Renounce Religion, Evoke Invisibility


You were on level 5 of the Spider Nest.
You worshipped Ashenzari.
Ashenzari was exalted by your worship.
You were near bloodless.

You visited 7 branches of the dungeon, and saw 37 of its levels.
You also visited: Sewer.

You collected 3962 gold pieces.
You spent 1510 gold pieces at shops.

Inventory:

Hand weapons
 a - the cursed +1 rapier of the Hummingbird (weapon) {flame, rElec Str+2 Int+4 Dex+4}
   (You bought it in a shop on level 9 of the Dungeon)

   It has been specially enchanted to burn those struck by it, causing extra
   injury to most foes and up to half again as much damage against particularly
   susceptible opponents.
   It affects your strength (+2).
   It affects your intelligence (+4).
   It affects your dexterity (+4).
   It insulates you from electricity.
   It has a curse placed upon it.
 b - the +8 dagger of Autumn {pierce, rN+ Int+4 Dex-5 SInv}
   (You found it on level 4 of the Lair of Beasts)

   It inflicts extra damage upon your enemies.
   It affects your intelligence (+4).
   It affects your dexterity (-5).
   It protects you from negative energy.
   It enhances your eyesight.
 F - the +4 arc blade {discharge, rElec}
   (You found it on level 2 of the Spider Nest)

   It insulates you from electricity.
 L - the +7 great sword "Eschep" {flame, Int+6}
   (You found it on level 6 of the Lair of Beasts)

   It has been specially enchanted to burn those struck by it, causing extra
   injury to most foes and up to half again as much damage against particularly
   susceptible opponents.
   Big, fiery blades are also staple armaments of hydra-hunters.
   It affects your intelligence (+6).
Missiles
 i - 4 throwing nets (quivered)
Armour
 d - a cursed +2 pair of boots (worn)
 e - a cursed +0 cloak (worn)
 f - a cursed +2 pair of gloves of strength (worn)
 g - a cursed +1 hat of intelligence (worn)
 o - a +2 buckler
 v - a cursed +0 buckler (worn)
 E - a cursed +2 mottled dragon armour (worn)
Jewellery
 m - a cursed +5 ring of dexterity (right hand)
 r - the ring of Harmony {rPois Str+4}
   (You found it on level 2 of the Spider Nest)

   [ring of poison resistance]

   It affects your strength (+4).
   It protects you from poison.
 x - an uncursed ring of protection from magic
 G - a +4 ring of dexterity
 I - an uncursed ring of stealth
 M - an uncursed ring of fire
 V - an uncursed ring of wizardry
 Y - the cursed ring of Kamin (left hand) {+Inv MR+}
   (You found it on level 1 of the Spider Nest)

   [ring of invisibility]

   It affects your resistance to hostile enchantments.
   It lets you turn invisible.
   It has a curse placed upon it.
Magical devices
 c - a wand of teleportation (4)
 q - a wand of flame (27)
 u - a wand of paralysis (8)
 y - a wand of flame (41)
 D - a wand of disintegration (5)
 R - a wand of teleportation (5)
 T - a wand of slowing (25)
 U - a wand of heal wounds (3)
 W - a wand of digging (16)
 X - a wand of polymorph (14)
Scrolls
 j - 2 scrolls of random uselessness
 k - 26 scrolls of identify
 n - 4 scrolls of enchant armour
 s - 10 scrolls of teleportation
 t - 3 scrolls of recharging
 z - 3 scrolls of blinking
 C - 2 scrolls of curse armour
 K - 3 scrolls of enchant weapon
 P - a scroll of remove curse
 S - 5 scrolls of magic mapping
Potions
 h - 2 potions of might
 l - 5 potions of heal wounds
 p - 2 potions of haste
 w - 5 potions of brilliance
 A - 9 potions of agility
 B - 9 potions of curing
 H - 3 potions of cancellation
 J - a potion of resistance {unknown}
Books
 N - a book of Maledictions

   Spells                             Type                      Level
   a - Corona                         Hexes                        1
   b - Ensorcelled Hibernation        Hexes/Ice                    2
   c - Confuse                        Hexes                        3
   d - Tukima's Dance                 Hexes                        3
   e - Dazzling Spray                 Conjuration/Hexes            3
Miscellaneous
 O - a disc of storms
 Q - a disc of storms


   Skills:
 - Level 10.0 Fighting
 - Level 8.1(12.5) Short Blades
 + Level 15.6(19.6) Dodging
 + Level 19.1(22.7) Stealth
 - Level 5.4(8.4) Shields
 - Level 13.2 Spellcasting
 - Level 10.6(13.4) Hexes
 - Level 6.6(9.7) Charms
 - Level 3.3(6.0) Translocations
 - Level 2.9(5.4) Ice Magic
 - Level 6.9(10.0) Air Magic
 - Level 10.2(13.0) Evocations


You had 8 spell levels left.
You knew the following spells:

 Your Spells              Type           Power        Failure   Level  Hunger
a - Corona                Hex            ######.      1%          1    None
b - Ensorcelled Hibernat  Hex/Ice        ######       1%          2    None
c - Confuse               Hex            ######..     1%          3    None
d - Tukima's Dance        Hex            ######..     1%          3    None
f - Cause Fear            Hex            ######....   1%          4    None
s - Silence               Hex/Air        ######....   1%          5    ##.....
t - Control Teleport      Chrm/Tloc      ######....   1%          4    None
C - Mass Confusion        Hex            ######....   3%          6    ####...
R - Deflect Missiles      Chrm/Air       ######....   14%         6    ####...


Dungeon Overview and Level Annotations

Branches:
Dungeon (15/15)            Temple (1/1) D:6            Lair (8/8) D:9
 Shoals (3/5) Lair:5       Spider (5/5) Lair:3        Slime (0/6) Lair:7
    Orc (4/4) D:9             Elf (1/3) Orc:3        Vaults (0/5) D:14
 Depths (0/5) D:15

Altars:
Ashenzari
Cheibriados
Dithmenos
Elyvilon
Fedhas
Gozag
Kikubaaqudgha
Makhleb
Nemelex Xobeh
Okawaru
Qazlal
Ru
Sif Muna
Trog
Vehumet
Xom
Yredelemnul
Zin
The Shining One
Jiyva

Shops:
D:9 *![([}   D:13 }   Orc:2 *   Orc:4 [*}[

Portals:
Hell: Lair:8


Innate Abilities, Weirdness & Mutations

You heal slowly.
You have razor-sharp teeth.
You have supernaturally acute eyesight.
You can survive without breathing.
Your mind is acute. (Int +2)
You passively map a small area around you.
You are weak. (Str -2)


Message History

Okay, then.
You puncture the orb spider! You burn the orb spider.
Your bite misses the orb spider.
The orb spider is almost dead.
You closely miss the orb spider.
The orb spider is almost dead.
The orb of destruction hits you!
* * * LOW HITPOINT WARNING * * *
You hit the orb spider. You burn the orb spider.
You kill the orb spider!
The orb spider begins to weave its threads into a brightly glowing ball.
The orb spider spins a strand of pure energy.
The orb spider weaves a glowing orb of energy.
The orb spider weaves a glowing orb of energy.
The orb of destruction hits you!
* * * LOW HITPOINT WARNING * * *
The orb spider spins a strand of pure energy.
Drink which item? (? for menu, Esc to quit)
You feel much better. The orb of destruction hits you!
You die...

..# #########s. ..#### ###
#†.######s. .<##.# ##.##
###.^######y# ..#..###...# ###
##...^.####### ...#...[^..#
#.###..s....#^^#^# ...#.......##
##..###........#...
............###^^..§.s§§...†^...†
............##....§§§......#..#.#
................@§.........######
............^............######y#
.....######..^.....}..^..######s.
.....#.###............^.#######s.
....##^.##.........^...#######.{#
....#....####...........# ####.##
...###......#..#........# #^.#
(.## #^...^....#........# *
..^###....#...^...^....<# ,≈


You could see 2 orb spiders.

Vanquished Creatures
  An octopode crusher (Shoals:2)
  Kirke (Lair:8)
  Donald (Shoals:2)
  An orc warlord (Orc:2)
  Louise (Spider:1)
  6 emperor scorpions
  A ghost moth (Spider:1)
  2 dire elephants
  A merfolk javelineer (Shoals:1)
  A vault guard (D:14)
  Josephine (Spider:1)
  4 centaur warriors
  3 entropy weavers
  13 hydras
  A hell beast (Lair:8)
  4 merfolk avatars
  A catoblepas (Lair:4)
  8 death yaks
  The ghost of namelastname112 the Covert, an experienced DrAs of Gozag (D:10)
  An ogre mage (D:14)
  A satyr (Shoals:2)
  2 spriggans
  Sonja (D:11)
  Nergalle (D:12)
  A sea snake (Shoals:2)
  6 skeletal warriors
  5 unseen horrors
  The ghost of SosiskaBagetyon the Carver, an experienced HOFi of Beogh (D:6)
  A wizard (Lair:8)
  A hill giant (D:10)
  12 orb spiders
  3 orc sorcerers
  7 hornets
  3 wolf spider zombies
  5 harpies
  3 orc knights
  34 wolf spiders
  5 fauns
  10 cyclopes
  4 griffons
  4 black mambas
  A centaur zombie (D:13)
  A salamander (D:15)
  19 spiny frogs
  A gargoyle (D:15)
  4 manticores
  6 elephants (Lair:8)
  The ghost of OrbSeeker the Thaumaturge, an experienced DEEE of Vehumet (D:7)
  2 sirens
  A queen ant (Spider:1)
  4 orange demons (Lair:8)
  A torpor snail (Spider:3)
  A kobold demonologist (D:12)
  13 komodo dragons
  A yaktaur (D:15)
  A redback zombie (D:15)
  An efreet (D:14)
  A wandering mushroom (Lair:7)
  15 demonic crawlers
  5 merfolk
  A hellwing (Lair:8)
  3 blue devils (Lair:8)
  A polar bear (Lair:8)
  A freezing wraith (D:15)
  14 blink frogs
  A deep elf priest (Elf:1)
  8 trolls
  A two-headed ogre (shapeshifter) (D:12)
  8 fire drakes
  28 jumping spiders
  Grinder (D:3)
  A two-headed ogre (D:15)
  A boulder beetle (Spider:1)
  A wind drake (Shoals:2)
  12 slime creatures
  A blink frog (shapeshifter) (D:15)
  3 vampires
  5 snapping turtles
  2 shadows
  20 tarantellas
  16 redbacks
  3 water elementals
  A golden eye (shapeshifter) (D:15)
  2 hungry ghosts
  A deep elf fighter (D:9)
  6 hogs
  6 wraiths
  55 yaks
  2 deep elf magi
  17 trapdoor spiders
  10 hippogriffs
  2 vampire mosquitoes (D:15)
  3 basilisks
  A steam dragon (Lair:5)
  3 mottled dragons
  4 wargs
  14 soldier ants
  10 porcupines
  12 water moccasins
  26 wolves
  10 ice beasts
  28 spiders
  2 ogres
  11 orc warriors
  12 centaurs
  3 sky beasts
  5 phantoms
  4 wasps
  11 crocodiles
  2 necrophages
  2 black bears (D:9)
  3 boring beetles
  22 giant frogs
  5 big kobolds
  2 wyvern zombies
  A water moccasin zombie (D:9)
  7 killer bees
  3 scorpions (D:7)
  An electric eel (Lair:3)
  5 wights
  5 crimson imps
  2 giant frog zombies
  3 quasits
  A wasp zombie (D:10)
  6 centaur skeletons
  26 orc priests
  2 giant frog skeletons
  4 hounds
  6 jellies
  15 orc wizards
  11 iguanas
  28 worker ants
  12 sheep
  A hound skeleton (D:11)
  2 worker ant zombies
  17 adders
  72 river rats
  2 shadow imps
  9 oozes
  2 adder skeletons
  3 worms
  3 giant geckos
  143 orcs
  A bat skeleton (D:3)
  20 goblins
  20 hobgoblins
  8 jackals
  31 kobolds
  2 quokkas
  6 ball pythons (Sewer)
  17 bats
  A giant cockroach (D:6)
  A giant gecko skeleton (D:4)
  14 giant newts
  2 giant spores
  A jackal zombie (D:7)
  42 rats
  8 ballistomycetes
  5 plants
1242 creatures vanquished.

Vanquished Creatures (collateral kills)
  An orc warlord (Orc:4)
  3 orc high priests (Orc:4)
  6 skeletal warriors
  3 orc knights (Orc:4)
  4 hill giants
  2 orc sorcerers (Orc:4)
  A cyclops (Shoals:3)
  Maurice (Orc:1)
  An orange demon (Lair:8)
  3 gargoyles
  2 red devils (Lair:8)
  A two-headed ogre (D:13)
  19 orc warriors
  7 ogres
  A giant frog (D:8)
  7 wights
  5 orc priests
  8 orc wizards
  31 orcs
  A hobgoblin (D:6)
107 creatures vanquished.

Vanquished Creatures (others)
  A frost giant (Shoals:3)
  3 dancing weapons
  A cyclops (Shoals:3)
  5 drowned souls (Shoals:1)
  A worker ant (D:10)
  An orc (Orc:3)
  4 giant spores
  A ballistomycete (D:13)
  3 fungi
  2 plants (D:9)
22 creatures vanquished.

Grand Total: 1371 creatures vanquished

Notes
Turn   | Place    | Note
--------------------------------------------------------------
     0 | D:1      | kusayu, the Vampire Enchanter, began the quest for the Orb.
     0 | D:1      | Reached XP level 1. HP: 13/13 MP: 3/3
   220 | D:1      | Reached skill level 5 in Stealth
   220 | D:1      | Reached XP level 2. HP: 7/19 MP: 1/5
   224 | D:1      | Learned a level 2 spell: Ensorcelled Hibernation
   763 | D:1      | Reached skill level 5 in Hexes
  1181 | D:1      | Reached XP level 3. HP: 24/24 MP: 3/6
  1492 | D:2      | Reached skill level 6 in Stealth
  1842 | D:3      | Reached XP level 4. HP: 30/30 MP: 4/7
  1847 | D:3      | Learned a level 3 spell: Confuse
  2475 | D:3      | Noticed Grinder
  2495 | D:3      | Killed Grinder
  2495 | D:3      | Reached XP level 5. HP: 35/35 MP: 7/12
  2495 | D:3      | Reached XP level 6. HP: 41/41 MP: 7/13
  2514 | D:3      | Learned a level 3 spell: Tukima's Dance
  2935 | D:4      | Reached skill level 7 in Stealth
  3148 | D:4      | Reached XP level 7. HP: 46/46 MP: 11/14
  3678 | D:5      | Entered Level 5 of the Dungeon
  3732 | D:5      | Reached skill level 1 in Ice Magic
  4086 | D:5      | Reached skill level 8 in Stealth
  4910 | D:6      | Found a glowing drain.
  4912 | D:6      | Reached skill level 9 in Stealth
  4984 | Sewer    | Entered a sewer
  5151 | Sewer    | Reached XP level 8. HP: 52/52 MP: 12/15
  5956 | D:6      | Upgraded the game from 0.17-a0-755-g4391640 to 0.17-a0-877-ga10078a
  6002 | D:6      | Reached skill level 10 in Stealth
  6002 | D:6      | Reached skill level 1 in Shields
  6173 | D:6      | Noticed SosiskaBagetyon's ghost (experienced HOFi)
  6222 | D:6      | Killed SosiskaBagetyon's ghost
  6222 | D:6      | Reached skill level 5 in Shields
  6222 | D:6      | Reached XP level 9. HP: 57/57 MP: 11/16
  6505 | D:6      | Found a staircase to the Ecumenical Temple.
  6519 | Temple   | Entered the Ecumenical Temple
  6595 | Temple   | Became a worshipper of Ashenzari the Shackled
  6794 | D:7      | Noticed OrbSeeker's ghost (experienced DEEE)
  6850 | D:7      | Killed OrbSeeker's ghost
  6850 | D:7      | Reached skill level 11 in Stealth
  6992 | D:7      | Reached skill level 12 in Stealth
  7481 | D:7      | Reached skill level 13 in Stealth
  7886 | D:8      | Reached skill level 5 in Spellcasting
  8097 | D:8      | Reached skill level 14 in Stealth
  8401 | D:8      | Found a glowing silver altar of Zin.
  8600 | D:9      | Found Xutaps's Gadget Boutique.
  8629 | D:9      | Reached XP level 10. HP: 63/63 MP: 11/19
  9256 | D:8      | Acquired Ashenzari's first power
  9755 | D:8      | Gained mutation: Your mind is acute. (Int +2) [potion of beneficial mutation]
  9844 | D:9      | Found a staircase to the Lair.
  9860 | D:9      | Found Foateob Geas's Weapon Boutique.
  9861 | D:9      | Found a staircase to the Orcish Mines.
  9873 | D:9      | Found Innulog's Armour Boutique.
 10115 | D:9      | Found Dezer's Antique Armour Boutique.
 10178 | D:9      | Found Aqoiphoi's Distillery.
 10202 | D:9      | Found Kauros's General Store.
 10620 | Orc:1    | Entered Level 1 of the Orcish Mines
 10977 | D:9      | Bought the cursed +1 rapier of the Hummingbird {flame, rElec Str+2 Int+4 Dex+4} for 486 gold pieces
 11411 | Orc:1    | Noticed Maurice
 11513 | Orc:1    | Killed Maurice
 11532 | Orc:1    | Reached skill level 10 in Spellcasting
 12154 | Orc:2    | Found Adisanti's General Store.
 12447 | Orc:2    | Noticed an orc knight
 12447 | Orc:2    | Noticed an orc warlord
 12535 | D:9      | Bought a potion of invisibility for 128 gold pieces
 12535 | D:9      | Bought a potion of mutation for 40 gold pieces
 12535 | D:9      | Bought a potion of degeneration for 16 gold pieces
 12556 | D:10     | Entered Level 10 of the Dungeon
 12560 | D:10     | Noticed namelastname112's ghost (experienced DrAs)
 12701 | D:10     | Reached XP level 11. HP: 68/68 MP: 20/25
 12739 | D:10     | Noticed a hill giant
 12745 | D:10     | Killed a hill giant
 12975 | D:10     | Killed namelastname112's ghost
 13239 | D:11     | Acquired Ashenzari's second power
 13525 | D:11     | Noticed Sonja
 13529 | D:11     | Killed Sonja
 13529 | D:11     | Reached skill level 5 in Short Blades
 13529 | D:11     | Reached skill level 5 in Dodging
 13533 | D:11     | Noticed an unseen horror
 13535 | D:11     | Killed an unseen horror
 14044 | D:12     | Noticed a hill giant
 14049 | D:12     | Killed a hill giant
 14133 | D:12     | Noticed Nergalle
 14153 | D:12     | Killed Nergalle
 14368 | D:12     | Noticed a centaur warrior
 14393 | D:12     | Killed a centaur warrior
 14588 | D:12     | Found a deep blue altar of Sif Muna.
 15047 | D:13     | Reached skill level 1 in Fighting
 15047 | D:13     | Reached XP level 12. HP: 75/77 MP: 11/26
 15198 | D:13     | Noticed a centaur warrior
 15219 | D:13     | Killed a centaur warrior
 15350 | D:13     | Acquired Ashenzari's third power
 15433 | D:13     | Noticed a hill giant
 15444 | D:13     | Killed a hill giant
 15972 | D:13     | Noticed a skeletal warrior
 15975 | D:13     | Noticed a skeletal warrior
 15976 | D:13     | Noticed a skeletal warrior
 16023 | D:13     | Killed a skeletal warrior
 16029 | D:13     | Killed a skeletal warrior
 16050 | D:13     | Killed a skeletal warrior
 16444 | D:13     | Reached skill level 5 in Fighting
 16471 | D:12     | Noticed an unseen horror
 16499 | D:12     | Killed an unseen horror
 16534 | D:10     | Noticed an unseen horror
 16536 | D:10     | Killed an unseen horror
 16585 | Lair:1   | Entered Level 1 of the Lair of Beasts
 16858 | Lair:1   | Reached skill level 10 in Dodging
 17590 | Lair:2   | Noticed a seven-headed hydra
 17591 | Lair:2   | Killed a seven-headed hydra
 18244 | Lair:2   | Identified the amulet "Oroojat" {Stasis MR+}
 18514 | Orc:2    | Killed an orc warlord
 18533 | Orc:2    | Reached XP level 13. HP: 98/98 MP: 27/27
 19129 | Orc:2    | Killed an orc knight
 19533 | Orc:3    | Found a staircase to the Elven Halls.
 19598 | Orc:4    | Entered Level 4 of the Orcish Mines
 19628 | Orc:4    | Found a frozen archway.
 19872 | Orc:4    | Learned a level 4 spell: Cause Fear
 19879 | Orc:4    | Learned a level 6 spell: Mass Confusion
 20017 | Orc:4    | Noticed an orc warlord
 20079 | Orc:4    | Killed an orc warlord
 20490 | Orc:4    | Found Pooruem's Assorted Antiques.
 20519 | Orc:4    | Paralysed by an orc sorcerer for 3 turns
 20964 | Orc:4    | Found Liettigo's Gadget Shop.
 20965 | Orc:4    | Found Buroattu's Armour Shop.
 20965 | Orc:4    | Found Zahui's Antique Armour Shoppe.
 20980 | Orc:4    | Bought a pair of embroidered boots for 81 gold pieces
 20995 | Orc:4    | Bought a +2 pair of gloves of strength for 215 gold pieces
 20997 | Orc:4    | Bought an embroidered hat for 112 gold pieces
 21669 | Elf:1    | Entered Level 1 of the Elven Halls
 22185 | Lair:3   | Reached skill level 10 in Fighting
 22211 | Lair:3   | Found a hole to the Spider Nest.
 22469 | Lair:3   | Acquired Ashenzari's fourth power
 23333 | Lair:3   | Reached skill level 10 in Hexes
 23486 | Lair:4   | Identified the +8 dagger of Autumn {pierce, rN+ Int+4 Dex-5 SInv}
 23600 | Lair:4   | Learned a level 6 spell: Deflect Missiles
 23606 | Lair:4   | Learned a level 5 spell: Silence
 23640 | Lair:4   | Reached skill level 1 in Charms
 23961 | Lair:4   | Reached XP level 14. HP: 110/110 MP: 23/28
 24011 | Lair:4   | Reached skill level 5 in Charms
 24610 | Lair:5   | Found a staircase to the Shoals.
 24697 | Lair:4   | Reached skill level 1 in Air Magic
 25076 | Lair:5   | Found a labyrinth entrance.
 25830 | Lair:6   | Identified the +7 great sword "Eschep" {flame, Int+6}
 26493 | Lair:7   | Reached skill level 5 in Air Magic
 26784 | Lair:7   | Identified a scroll of acquirement
 26920 | Lair:7   | Found a viscous altar of Jiyva.
 26921 | Lair:7   | Found a staircase to the Slime Pits.
 28175 | D:13     | Found Mass's Gadget Emporium.
 28233 | D:13     | Noticed an eight-headed hydra
 28238 | D:13     | Killed an eight-headed hydra
 28456 | D:14     | Learned a level 4 spell: Control Teleport
 29107 | D:14     | Found a deep blue altar of Sif Muna.
 29202 | D:14     | Reached XP level 15. HP: 104/115 MP: 27/31
 29209 | D:14     | Found a gate to the Vaults.
 29321 | D:14     | Reached skill level 15 in Stealth
 29526 | D:15     | Entered Level 15 of the Dungeon
 30317 | D:15     | Found a staircase to the Depths.
 31745 | Lair:4   | Reached skill level 16 in Stealth
 31830 | Lair:8   | Entered Level 8 of the Lair of Beasts
 31830 | Lair:8   | Noticed Kirke
 32714 | Lair:8   | Killed Kirke
 33077 | Lair:8   | Reached skill level 17 in Stealth
 33126 | Lair:8   | Found a burning altar of Makhleb.
 33346 | Lair:8   | Found a gateway to Hell.
 33654 | Spider:1 | Entered Level 1 of the Spider Nest
 33902 | Spider:1 | Reached XP level 16. HP: 122/122 MP: 33/33
 34100 | Spider:1 | Identified the ring of Kamin {+Inv MR+}
 34220 | Spider:1 | Identified the cursed +0 pair of boots "Biuhudd" {-Tele rElec rN+ Str-4}
 34233 | Spider:1 | Noticed Josephine
 34265 | Spider:1 | Killed Josephine
 34265 | Spider:1 | Reached skill level 1 in Evocations
 34505 | Spider:1 | Noticed Louise
 34507 | Spider:1 | Killed Louise
 34949 | Spider:1 | Reached skill level 5 in Evocations
 35545 | Temple   | Gained mutation: You passively map a small area around you. [potion of beneficial mutation]
 35782 | Orc:2    | Bought a wand of teleportation (5) for 432 gold pieces
 36681 | Spider:2 | Identified the ring of Harmony {rPois Str+4}
 38563 | Shoals:1 | Entered Level 1 of the Shoals
 39515 | Shoals:2 | Noticed Donald
 39974 | Shoals:2 | Reached skill level 18 in Stealth
 40117 | Shoals:2 | Killed Donald
 40117 | Shoals:2 | Reached XP level 17. HP: 128/128 MP: 32/34
 40198 | Shoals:2 | Gained mutation: You are weak. (Str -2) [mutagenic glow]
 40441 | Shoals:3 | Reached skill level 15 in Dodging
 40478 | Shoals:3 | Reached skill level 10 in Evocations
 40496 | Shoals:3 | Lost strength.
 40521 | Shoals:3 | Lost strength.
 41461 | Spider:4 | Reached skill level 1 in Translocations
 42291 | Spider:5 | Entered Level 5 of the Spider Nest
 42497 | Spider:5 | Upgraded the game from 0.17-a0-877-ga10078a to 0.17-a0-896-g249456b
 43131 | Spider:5 | Reached skill level 19 in Stealth
 43190 | Spider:5 | Blown up by an orb spider

Action                   |  1- 3 |  4- 6 |  7- 9 | 10-12 | 13-15 | 16-18 || total
-------------------------+-------+-------+-------+-------+-------+-------++-------
Melee: Dagger            |    71 |    95 |   415 |   387 |       |       ||   968
       Rapier            |       |       |       |   313 |  1188 |   543 ||  2044
 Cast: Corona            |    20 |    10 |    32 |    20 |     8 |     7 ||    97
       Ensorcelled Hiber |     7 |     9 |    75 |   160 |   262 |   158 ||   671
       Confuse           |       |    12 |    41 |    85 |   103 |    72 ||   313
       Tukima's Dance    |       |       |     9 |    35 |    49 |     3 ||    96
       Deflect Missiles  |       |       |       |       |     3 |     1 ||     4
       Control Teleport  |       |       |       |       |       |     1 ||     1
       Mass Confusion    |       |       |       |       |       |     1 ||     1
Invok: Scrying           |       |       |       |     1 |       |     1 ||     2
 Abil: End Transformatio |       |       |       |       |       |    16 ||    16
       Bat Form          |       |       |       |       |       |    16 ||    16
       Evoke Invisibilit |       |       |       |       |       |    18 ||    18
Evoke: Wand              |       |       |       |     1 |       |     1 ||     2
  Use: Potion            |       |       |     6 |    18 |    10 |    14 ||    48
       Scroll            |       |       |     7 |    13 |    12 |     5 ||    37
 Stab: Sleeping          |    11 |    21 |    89 |   154 |   295 |   190 ||   760
       Confused          |       |     8 |    26 |    50 |    72 |    25 ||   181
       Distracted        |       |     1 |       |     4 |    12 |     7 ||    24
       Invisible         |       |       |       |    18 |     7 |    29 ||    54
